 Dungeon Crawl Stone Soup version 0.28.0-49-g6dfe1f597d (webtiles) character file.

Game seed: 3541447938759408095

2930 acdeimund the Arsonist (level 9, -21/51 HPs)
             Began as a Deep Elf Earth Elementalist on May 19, 2022.
             Was a Believer of Vehumet.
             Engulfed by a cloud of flame (42 damage)
             ... on level 9 of the Dungeon.
             The game lasted 00:35:44 (7807 turns).

acdeimund the Arsonist (DEEE)                       Turns: 7807, Time: 00:35:46

Health: -21/51     AC:  5    Str:  5    XL:     9   Next: 50%
Magic:  24/31      EV: 14    Int: 25    God:    Vehumet [**....]
Gold:   215        SH:  0    Dex: 15    Spells: 10/23 levels left

rFire   . . .      SeeInvis .   g - staff of earth
rCold   . . .      Faith    .   (no shield)
rNeg    . . .      Spirit   .   b - +1 robe
rPois   .          Reflect  .   G - +0 helmet
rElec   .          Harm     .   (no cloak)
rCorr   .          Rampage  .   F - +0 pair of gloves
Will    .....                   (no boots)
Stlth   +++.......              d - amulet of magic regeneration
HPRegen 0.17/turn               v - ring of wizardry
MPRegen 0.62/turn               s - ring of magical power

@: lethally poisoned (-21 -> -39), slowed, very slow
A: no striking features
a: Renounce Religion


You were on level 9 of the Dungeon.
You worshipped Vehumet.
Vehumet was pleased with you.
You visited 2 branches of the dungeon, and saw 9 of its levels.

You collected 215 gold pieces.

Inventory:

Hand Weapons
 a - a +0 dagger
 q - a +4 hand axe of freezing
 y - a +1 vampiric whip
Missiles
 c - 120 stones
 l - 6 silver boomerangs
 t - 2 throwing nets
Armour
 b - a +1 robe (worn)
 r - a +0 troll leather armour
 F - a +0 pair of gloves (worn)
 G - a +0 helmet (worn)
Magical Staves
 g - a staff of earth (weapon)
 o - a staff of fire
 z - a staff of conjuration
Jewellery
 d - an amulet of magic regeneration (around neck)
 h - a ring of see invisible
 i - a ring of flight
 s - a ring of magical power (right hand)
 u - the ring "Tiyda" {Ice Drain +Blink Str+5 Int+8}
   (You found it on level 5 of the Dungeon)

   [ring of ice]

   It enhances your ice magic.
   Str:       It affects your strength (+5).
   Int:       It affects your intelligence (+8).
   rF:        It makes you vulnerable to fire.
   rC:        It protects you from cold.
   +Blink:    It lets you blink.
   Drain:     It drains your maximum health when unequipped.
 v - a ring of wizardry (left hand)
Wands
 I - a wand of iceblast (8)
 N - a wand of acid (1)
 P - a wand of flame (5)
Scrolls
 j - a scroll of magic mapping
 k - 2 scrolls of enchant armour
 w - a scroll of silence
 x - a scroll of teleportation
 D - a scroll of fear {unknown}
 H - 3 scrolls of identify {unknown}
 K - a scroll of noise {unknown}
 L - 2 scrolls of torment {unknown}
 M - a scroll of blinking {unknown}
 O - a scroll of amnesia {unknown}
Potions
 e - 2 potions of flight {unknown}
 f - a potion of attraction {unknown}
 m - a potion of might {unknown}
 n - 2 potions of curing {unknown}
 p - a potion of brilliance
 A - 3 potions of resistance {unknown}
 B - a potion of degeneration {unknown}
 C - a potion of cancellation {unknown}
 E - a potion of mutation {unknown}
 J - 2 potions of heal wounds {unknown}


   Skills:
 + Level 3.5 Fighting
 + Level 6.0 Dodging
 + Level 6.2 Stealth
 + Level 7.9 Spellcasting
 + Level 3.5 Conjurations
 - Level 1.3 Transmutations
 - Level 8.0 Fire Magic
 + Level 5.1 Earth Magic
 - Level 1.0 Evocations


You had 10 spell levels left.
You knew the following spells:

 Your Spells              Type           Power      Damage    Failure   Level
a - Sandblast             Erth           100%       2d20      1%          1
b - Stone Arrow           Conj/Erth      94%        3d12      1%          3
c - Passwall              Tmut/Erth      32%        N/A       1%          2
d - Conjure Flame         Conj/Fire      38%        6-21      1%          3
e - Sticky Flame          Conj/Fire      38%        2d6       2%          4

Your spell library contained the following spells:

 Spells                   Type           Power      Damage    Failure   Level
 Freeze                   Ice            36%        1d6       2%          1
 Ignite Poison            Fire/Tmut/Pois 25%        N/A       1%          3
 Animate Skeleton         Necr           18%        N/A       2%          1
 Apportation              Tloc           18%        N/A       2%          1
 Summon Small Mammal      Summ           36%        N/A       2%          1
 Ensorcelled Hibernation  Hex/Ice        18%        N/A       4%          2
 Petrify                  Tmut/Erth      39%        N/A       6%          4
 Confusing Touch          Hex            9%         N/A       8%          3
 Swiftness                Air            9%         N/A       8%          3
 Yara's Violent Unravell  Hex/Tmut       6%         3d5       45%         5
 Enfeeble                 Hex            4%         N/A       100%        7


Dungeon Overview and Level Annotations

Branches:
Dungeon (7/15)             Temple (1/1) D:5

Altars:
Ashenzari
Elyvilon
Nemelex Xobeh
Okawaru
Qazlal
Ru
Sif Muna
Trog
Vehumet
Zin

Shops:
D:2 [   D:5 *


Message History

Aiming: Stone Arrow (safe; 1% risk of failure)
Press: ? - help, Q - select action, (/) - cycle Shift-Dir - straight line, f - hound
Aim: a hound (67% to hit)
You feel a surge of power!
The stone arrow hits the hound!!
You kill the hound!
Vehumet accepts your kill.
You feel your power returning.
A kobold brigand comes into view.
It is wielding a +0 dagger and quivering curare-tipped darts.
You see here a scroll of teleportation.
Aiming: Stone Arrow (safe; 1% risk of failure)
Press: ? - help, Q - select action, (/) - cycle Shift-Dir - straight line, f - kobold brigand
Aim: a kobold brigand, wielding a +0 dagger and quivering curare-tipped darts (70% to hit)
You feel a surge of power!
The stone arrow hits the kobold brigand!
The kobold brigand is heavily wounded.
The kobold brigand throws a curare-tipped dart.
The curare-tipped dart hits you.
You are poisoned.
You have difficulty breathing.
You feel yourself slow down.
You feel very sick.
The kobold brigand throws a curare-tipped dart.
The curare-tipped dart hits you.
You are more poisoned.
You have difficulty breathing.
You feel as though you will be slow longer.
You see here a hound corpse.
Casting: Stone Arrow (safe; 1% risk of failure)
Confirm with . or Enter, or press ? or * to list all spells.
The fire begins to smoulder!
You feel extremely sick.
The kobold brigand hits you with a +0 dagger.
A kobold comes into view. It is wielding a +0 whip.
Unknown command.
Casting: Conjure Flame (safe; 1% risk of failure)
Confirm with . or Enter, or press ? or * to list all spells.
The fire ignites!
The kobold shouts!
You are engulfed in blazing flames.
Ouch! That really hurt!
You die...

........#......
.........#.....
.............#
.............## ##
.K............##.##
.......).)..>....#
..............<.#
....#K''#.......# .
#.@.##.....## #
#$$?##.....### ###
#!/)##.....#.####..
#####.........##...
#..........#....
.................
...................
....<#........##...
....##.............


You could see a kobold brigand and a kobold.

Vanquished Creatures
  7 yaks
  An acid dragon (D:9)
  2 sky beasts
  An orc warrior (D:9)
  3 black bears
  A centaur (D:5)
  A kobold brigand (D:7)
  A bullfrog (D:9)
  A water moccasin skeleton (D:6)
  4 killer bees (D:7)
  3 howler monkeys (D:9)
  A bullfrog zombie (D:6)
  2 centaur skeletons (D:6)
  7 hounds
  A bullfrog skeleton (D:6)
  A gnoll shaman (D:9)
  Jessica (D:3)
  3 iguanas (D:4)
  An orc wizard (D:9)
  6 gnolls (D:9)
  9 adders
  A shadow imp (D:6)
  2 white imps
  2 worms (D:2)
  2 dart slugs
  17 orcs
  7 ball pythons
  4 endoplasms
  5 giant cockroaches
  5 goblins
  6 hobgoblins
  8 jackals
  9 kobolds
  5 quokkas
  4 bats
  A frilled lizard (D:1)
  4 rats
139 creatures vanquished.

Vanquished Creatures (others)
  5 fungi (D:3)
  8 plants (D:3)
13 creatures vanquished.

Grand Total: 152 creatures vanquished

Notes
Turn   | Place    | Note
-------+----------+-------------------------------------------
     0 | D:1      | acdeimund the Deep Elf Earth Elementalist began the quest
                  | for the Orb.
     0 | D:1      | Reached XP level 1. HP: 10/10 MP: 6/6
   622 | D:1      | Found a faded altar of an unknown god.
   645 | D:1      | Reached XP level 2. HP: 15/15 MP: 6/8
  1286 | D:1      | Reached skill level 1 in Conjurations
  1590 | D:2      | Reached XP level 3. HP: 17/19 MP: 8/10
  1597 | D:2      | Learned a level 3 spell: Stone Arrow
  2569 | D:2      | Found Wot Ust's Antique Armour Shoppe.
  3062 | D:3      | Found an iron altar of Okawaru.
  3105 | D:3      | Reached XP level 4. HP: 24/24 MP: 12/12
  3128 | D:3      | Noticed Jessica
  3132 | D:3      | Killed Jessica
  3518 | D:3      | Found a white marble altar of Elyvilon.
  3822 | D:3      | Found a sacrificial altar of Ru.
  3911 | D:4      | Reached XP level 5. HP: 19/28 MP: 13/13
  4145 | D:4      | Noticed a black bear
  4150 | D:4      | Killed a black bear
  4151 | D:4      | Reached skill level 5 in Spellcasting
  4466 | D:4      | Reached XP level 6. HP: 32/32 MP: 15/15
  4729 | D:4      | Reached skill level 1 in Evocations
  4782 | D:4      | Found a stormy altar of Qazlal.
  4891 | D:5      | Entered Level 5 of the Dungeon
  5224 | D:5      | Reached skill level 1 in Fighting
  5275 | D:5      | Found a staircase to the Ecumenical Temple.
  5291 | Temple   | Entered the Ecumenical Temple
  5308 | Temple   | Became a worshipper of Vehumet
  5506 | D:5      | Found Edupteis's Fire Supplies.
  5521 | D:5      | Identified the ring "Tiyda" {Ice Drain +Blink Str+5 Int+8}
  5565 | D:5      | Noticed a sky beast
  5570 | D:5      | Killed a sky beast
  5571 | D:5      | Reached XP level 7. HP: 38/38 MP: 18/18
  5574 | D:5      | Learned a level 2 spell: Passwall
  6190 | D:6      | Noticed a yak
  6195 | D:6      | Noticed a yak
  6195 | D:6      | Noticed a yak
  6197 | D:6      | Noticed a yak
  6204 | D:6      | Killed a yak
  6207 | D:6      | Killed a yak
  6217 | D:5      | Killed a yak
  6218 | D:5      | Reached skill level 5 in Dodging
  6218 | D:5      | Reached skill level 5 in Stealth
  6218 | D:5      | Reached XP level 8. HP: 21/45 MP: 10/20
  6564 | D:6      | Learned a level 3 spell: Conjure Flame
  6569 | D:6      | Learned a level 4 spell: Sticky Flame
  6624 | D:6      | Reached skill level 1 in Fire Magic
  6680 | D:6      | Reached skill level 2 in Fire Magic
  6728 | D:6      | Reached * piety under Vehumet
  6728 | D:6      | Offered knowledge of Magic Dart by Vehumet.
  6729 | D:6      | Reached skill level 3 in Fire Magic
  6762 | D:6      | Reached skill level 4 in Fire Magic
  7021 | D:7      | Found a bloodstained altar of Trog.
  7053 | D:7      | Reached skill level 5 in Fire Magic
  7066 | D:7      | Reached XP level 9. HP: 36/51 MP: 18/22
  7230 | D:7      | You fall into a shaft and drop 2 floors!
  7280 | D:9      | Reached skill level 6 in Fire Magic
  7289 | D:9      | Reached skill level 7 in Fire Magic
  7501 | D:9      | Found a broken altar of Ashenzari.
  7545 | D:9      | Reached skill level 8 in Fire Magic
  7577 | D:9      | Noticed a skeletal warrior
  7615 | D:9      | Noticed a skeletal warrior
  7648 | D:9      | Reached skill level 5 in Earth Magic
  7724 | D:9      | Offered knowledge of Freeze by Vehumet.
  7785 | D:9      | Reached ** piety under Vehumet
  7807 | D:9      | Engulfed by a cloud of flame

Illustrated notes

Levels and vault maps discovered:
D:1:      ncdulo_watergridlock, layout_basic, hellmonk_ecumenical_altar_zigzags,
          st_stairs_14, minmay_ruptured
D:2:      layout_basic, serial_shops, nicolae_shop_crystal, kennysheep_donut
D:3:      layout_rooms, nicolae_ru_the_path_less_chosen,
          mainiacjoe_overflow_cross_hatched, lemuel_round_altar, minmay_unequal,
          uniq_jessica
D:4:      black_bear_nest_1, layout_rooms, lemuel_doored_altar
D:5:      layout_basic, minmay_temple_entry_glass, glass_columns_b,
          nicolae_shop_fire_sale [nicolae_sub_dead_trees], minivault_5
D:6:      layout_basic
D:7:      layout_loops_corners, mainiacjoe_overflow_small_starburst,
          mainiacjoe_overflow_catwalk, enter_bailey_3, uniq_menkaure
D:9:      layout_cross, nicolae_overflow_hidden_temple, evilmike_ruin_ashenzari,
          kennysheep_mini, mainiacjoe_overflow_tiny_flanked, serial_gnoll_camp,
          gnoll_camp_mini_sergeant, gnoll_camp_mini_loothouse,
          gnoll_camp_mini_doghouse, gnoll_camp_mini_house
Temple:   chequers_temple_sunken

Skill      XL: |  1  2  3  4  5  6  7  8  9 |
---------------+----------------------------+-----
Conjurations   | 1 2 3 |  3.5
Spellcasting   | 4 5 6 7 |  7.9
Earth Magic    | 4 5 |  5.1
Dodging        | 3 5 6 |  6.0
Evocations     | 1 |  1.0
Fighting       | 1 2 3 |  3.5
Stealth        | 3 5 6 |  6.2
Fire Magic     | 5 8 |  8.0
Transmutations | |  1.3

Action                   |  1- 3 |  4- 6 |  7- 9 || total
-------------------------+-------+-------+-------++-------
Melee: Dagger            |   104 |       |       ||   104
       Unarmed           |     1 |       |       ||     1
       Punch             |     1 |       |       ||     1
       Hand axe          |    17 |    20 |       ||    37
       Staff             |       |     2 |       ||     2
 Cast: Sandblast         |    33 |    11 |       ||    44
       Stone Arrow       |       |    33 |    90 ||   123
       Sticky Flame      |       |       |     7 ||     7
       Conjure Flame     |       |       |     3 ||     3
  Use: Scroll            |     1 |     6 |     1 ||     8
 Stab: Sleeping          |     6 |     3 |       ||     9
       Distracted        |     1 |       |       ||     1
Armor: Robe              |    43 |     1 |     4 ||    48
Dodge: Dodged            |    96 |    19 |    28 ||   143
